Map: Old Republic LE

Players

SCIInewby

  • Race: Zerg Zerg
  • League: Master
  • Spawn Location: 1:00

Ollì - Winner!

  • Race: Protoss Protoss
  • League: Silver
  • Spawn Location: 7:00

VOD

Have the link to the VOD?

Description

Time

  • Played on: Feb. 11, 2026, 11:54 a.m.
  • Length: 15:09
Show
View Real Time Build Order
Export as new Build Order

SCIInewby Zerg 

Build Orders: Pool First 

Get SALT Encoding   

  12  0:01  Drone  
  13  0:09  Drone  
  14  0:16  Overlord  
  14  0:34  Drone x2  
  16  0:50  Drone x2  
  16  0:54  Spawning Pool  
  16  1:14  Drone x2  
  18  1:32  Hatchery  
  18  1:35  Drone  
  18  1:36  Drone  
  19  1:46  Queen  
  21  1:51  Zergling x2  
  22  1:57  Overlord  
  22  2:16  Zergling x4  
  24  2:26  Zergling x2  
  25  2:34  Zergling x2  
  22  2:46  Zergling x2  
  23  2:55  Zergling x2  
  21  3:16  Zergling x4  
  23  3:25  Spine Crawler  
  23  3:26  Spine Crawler  
  21  3:27  Spine Crawler  
  20  3:34  Roach Warren  
  20  3:40  Zergling x2  
  20  3:41  Extractor, Zergling x4  
  16  3:58  Zergling x4  
  18  4:12  Zergling x2  
  18  4:15  Queen  
  21  4:21  Zergling x2  
  22  4:31  Drone  
  23  4:44  Drone  
  24  4:54  Drone  
  25  5:11  Drone  
  28  5:25  Lair  
  25  5:37  Roach x2  
  29  5:47  Overlord x2  
  29  6:00  Overlord x2  
  29  6:09  Metabolic Boost  
  29  6:11  Zergling x2  
  30  6:18  Extractor  
  30  6:22  Drone  
  30  6:23  Drone x2  
  32  6:32  Roach  
  34  6:46  Drone x3  
  37  6:48  Hatchery  
  36  6:57  Glial Reconstitution  
  36  7:09  Zergling x2  
  36  7:13  Queen  
  39  7:19  Roach x3  
  45  7:28  Overlord  
  45  7:35  Evolution Chamber  
  44  7:40  Roach  
  46  7:50  Drone x3  
  46  7:51  Spire  
  48  8:10  Roach  
  48  8:11  Roach x2  
  55  8:12  Drone  
  55  8:13  Spore Crawler, Drone  
  55  8:14  Roach  
  52  8:35  Hatchery  
  52  8:37  Roach  
  53  8:41  Roach  
  55  8:49  Hatchery  
  54  8:56  Drone x3  
  54  8:57  Drone  
  58  9:14  Zerg Ground Armor Level 1  
  58  9:24  Roach x2  
  58  9:25  Zergling x2  
  58  9:29  Drone  
  64  9:41  Drone x2  
  66  9:48  Drone  
  67  10:08  Hydralisk Den  
  67  10:09  Queen  
  68  10:18  Queen  
  70  10:22  Drone  
  70  10:24  Drone  
  70  10:26  Drone  
  38  10:50  Mutalisk  
  38  10:51  Corruptor x3  
  38  10:55  Zergling x2  
  47  11:03  Drone x2  
  47  11:04  Spore Crawler, Drone  
  48  11:06  Drone  
  50  11:16  Mutalisk x2  
  54  11:20  Zerg Missile Weapons Level 1  
  54  11:28  Drone x4  
  54  11:29  Drone  
  54  11:32  Zergling x2  
  58  11:41  Hydralisk  
  58  11:42  Hydralisk  
  50  12:03  Spore Crawler x2  
  50  12:04  Hydralisk x2  
  50  12:05  Hydralisk  
  50  12:19  Spore Crawler x2, Hydralisk  
  50  12:22  Spore Crawler  
  45  12:25  Hydralisk  
  42  12:42  Spore Crawler  
  37  12:46  Spore Crawler x2  
  37  12:49  Spore Crawler  
  32  12:53  Spore Crawler, Drone x2  
  32  12:54  Drone x5, Spore Crawler  
  33  12:59  Spore Crawler, Hydralisk  
  34  13:07  Hydralisk  
  36  13:17  Hydralisk  
  38  13:26  Corruptor  
  38  13:33  Queen  
  38  13:49  Drone x5  
  38  13:50  Drone x2, Hydralisk Den  
  44  14:03  Extractor  
  44  14:05  Extractor  
  44  14:07  Extractor x2  
  44  14:08  Drone x5  
  45  14:21  Queen  
  47  14:25  Hydralisk x2  
  47  14:31  Queen  
  53  14:40  Drone x4  
  53  14:41  Drone  
  58  14:51  Drone x2  
  58  14:52  Drone x2  
  62  14:56  Drone  
  62  14:57  Drone  
Show
View Real Time Build Order
Export as new Build Order

Ollì Protoss - Winner!

Build Orders: Carriers 

Get SALT Encoding   

  12  0:03  Probe  
  13  0:11  Probe  
  13  0:21  Probe  
  15  0:33  Pylon  
  15  0:41  Pylon  
  15  1:05  Forge  
  15  1:08  Gateway  
  15  1:13  Probe  
  16  1:21  Probe  
  16  1:24  Assimilator  
  17  1:31  Probe  
  18  1:46  Photon Cannon  
  18  1:58  Photon Cannon  
  18  2:14  Photon Cannon  
  18  2:19  Pylon  
  17  2:57  Probe  
  18  2:59  Pylon  
  18  3:01  Assimilator  
  18  3:09  Probe  
  19  3:21  Probe  
  19  3:22  Photon Cannon  
  20  3:27  Nexus  
  20  3:35  Photon Cannon  
  20  3:36  Photon Cannon  
  20  3:39  Photon Cannon  
  20  3:42  Photon Cannon  
  20  3:50  Photon Cannon  
  20  4:07  Cybernetics Core  
  20  4:10  Pylon  
  20  4:13  Probe  
  21  4:21  Probe  
  21  4:29  Pylon  
  21  4:31  Probe  
  23  4:43  Photon Cannon  
  23  4:49  Stargate  
  23  4:53  Pylon  
  23  5:04  Photon Cannon  
  23  5:10  Pylon  
  23  5:37  Fleet Beacon  
  23  5:42  Photon Cannon  
  23  5:45  Probe  
  24  5:55  Probe  
  24  5:59  Pylon  
  24  6:03  Probe  
  26  6:12  Probe  
  27  6:24  Probe  
  27  6:25  Carrier  
  34  6:33  Probe  
  35  6:41  Probe  
  35  6:45  Protoss Air Weapons Level 1  
  36  6:50  Probe  
  36  6:51  Assimilator  
  37  6:55  Pylon  
  37  6:58  Assimilator  
  37  7:02  Probe  
  37  7:05  Pylon  
  38  7:14  Probe  
  39  7:22  Probe  
  40  7:29  Carrier  
  46  7:34  Probe  
  46  7:36  Photon Cannon  
  47  7:46  Probe  
  47  7:47  Photon Cannon  
  48  7:51  Photon Cannon  
  48  7:56  Photon Cannon  
  48  7:59  Probe  
  49  8:11  Probe  
  50  8:14  Pylon  
  50  8:23  Probe  
  51  8:33  Probe  
  52  8:41  Photon Cannon  
  52  8:45  Probe  
  52  8:46  Shield Battery  
  53  8:49  Shield Battery  
  53  8:50  Pylon  
  53  8:57  Probe  
  53  9:01  Stargate  
  54  9:06  Photon Cannon  
  54  9:09  Stargate  
  54  9:13  Robotics Facility  
  54  9:15  Twilight Council  
  54  9:20  Pylon  
  54  9:25  Pylon  
  54  9:29  Pylon  
  54  9:32  Pylon  
  54  9:38  Photon Cannon  
  54  9:46  Carrier  
  60  9:56  Protoss Air Armor Level 1  
  60  10:02  Carrier  
  60  10:04  Observer  
  67  10:21  Observer  
  68  10:29  Photon Cannon  
  68  10:39  Observer  
  69  11:01  Carrier x2  
  75  13:06  Carrier x2  
  75  13:07  Carrier  
  86  13:58  Cybernetics Core  
  86  14:03  Pylon  
  86  14:05  Pylon  
  86  14:08  Pylon  
  86  14:11  Nexus  
  104  14:32  Photon Cannon  
  104  14:35  Photon Cannon  
  104  14:36  Photon Cannon  
  104  14:40  Photon Cannon  
  104  14:41  Photon Cannon  
  104  14:50  Photon Cannon  
Tags
 
Composition
Carriers
Matchup
PvZ
Opening
Pool First
Replay Pack
vannon
Spawn Locations
Cross Positions
Add a new tag
Caveats
  • Supply blocks, unpowered buildings, or Contaminate may cause inaccurate times.
  • Supply counts are checked every 10 seconds.